 Dungeon Crawl Stone Soup version 0.28-a0-998-gb9e9c7b67e (webtiles) character file.

Game seed: 9434839482625783198

11272 voltaire321 the Arsonist (level 11, -6/75 HPs)
             Began as an Octopode Fire Elementalist on Dec 5, 2021.
             Was an Initiate of Vehumet.
             Mangled by a demonic crawler (11 damage)
             ... on level 1 of the Lair of Beasts on Dec 6, 2021.
             The game lasted 00:53:22 (15995 turns).

voltaire321 the Arsonist (OpFE)                    Turns: 15995, Time: 00:53:22

Health: -6/75      AC:  1    Str:  8    XL:     11   Next: 75%
Magic:  30/30      EV: 19    Int: 34    God:    Vehumet [......]
Gold:   125        SH:  6    Dex: 24    Spells: 12/24 levels left

rFire   + . .      SeeInvis .   l - +0 rapier (vorpal)
rCold   . . .      Faith    .   x - +0 buckler
rNeg    . . .      Spirit   .   (helmet restricted)
rPois   +          Reflect  .   g - amulet of the acrobat
rElec   .          Harm     .   i - +6 ring of dexterity
rCorr   .          Rampage  .   t - +6 ring of intelligence
Will    .....                   z - ring of wizardry
Stlth   ++++......              p - ring of protection from fire
HPRegen 0.22/turn               C - +6 ring of dexterity
MPRegen 0.22/turn               r - ring of magical power
                                D - ring of poison resistance
                                F - +6 ring of intelligence

@: no status effects
A: almost no armour, amphibious, 8 rings, camouflage 1, gelatinous body 1,
(nimble swimmer 1), tentacles
a: Renounce Religion


You were on level 1 of the Lair of Beasts.
You worshipped Vehumet.
Vehumet was noncommittal.
You visited 3 branches of the dungeon, and saw 12 of its levels.

You collected 625 gold pieces.
You spent 500 gold pieces at shops.

Inventory:

Hand Weapons
 l - a +0 vorpal rapier (weapon)
 G - a +1 dagger of flaming
Missiles
 j - 9 poisoned darts
 y - 2 throwing nets
 B - 2 curare-tipped darts
Armour
 x - a +0 buckler (worn)
Jewellery
 g - an amulet of the acrobat (around mantle)
 i - a +6 ring of dexterity (left tentacle)
 p - a ring of protection from fire (on tentacle)
 r - a ring of magical power (on tentacle)
 t - a +6 ring of intelligence (right tentacle)
 z - a ring of wizardry (on tentacle)
 C - a +6 ring of dexterity (on tentacle)
 D - a ring of poison resistance (on tentacle)
 E - a ring of resist corrosion
 F - a +6 ring of intelligence (on tentacle)
 M - a ring of fire
Wands
 h - a wand of mindburst (21)
 u - a wand of digging (13)
 w - a wand of acid (9)
 H - a wand of flame (16)
 I - a wand of polymorph (6)
 K - a wand of paralysis (7)
Scrolls
 s - 4 scrolls of teleportation
 A - a scroll of magic mapping
 J - a scroll of fog
Potions
 a - 2 potions of brilliance
 b - 3 potions of berserk rage
 c - 3 potions of mutation {unknown}
 d - a potion of ambrosia
 e - a potion of attraction
 f - 3 potions of might {unknown}
 k - a potion of cancellation
 m - a potion of magic
 n - 3 potions of curing {unknown}
 o - a potion of haste
 v - 2 potions of flight {unknown}
 L - a potion of invisibility {unknown}


   Skills:
 + Level 7.4 Fighting
 + Level 7.7 Dodging
 - Level 2.6 Stealth
 - Level 4.0 Shields
 + Level 7.2 Spellcasting
 + Level 7.4 Conjurations
 + Level 8.0 Fire Magic
 + Level 6.3 Earth Magic


You had 12 spell levels left.
You knew the following spells:

 Your Spells              Type           Power      Damage    Failure   Level
a - Foxfire               Conj/Fire      100%       2x1d9     1%          1
b - Scorch                Fire           100%       2d10      1%          2
c - Conjure Flame         Conj/Fire      60%        6-21      1%          3
d - Flame Wave            Conj/Fire      60%        2d10      1%          4
e - Passwall              Tmut/Erth      27%        N/A       1%          2

Your spell library contained the following spells:

 Spells                   Type           Power      Damage    Failure   Level
 Inner Flame              Hex/Fire       39%        N/A       1%          3
 Corpse Rot               Necr/Air       24%        N/A       2%          2
 Poisonous Vapours        Pois/Air       24%        N/A       2%          2
 Call Canine Familiar     Summ           12%        N/A       4%          3
 Portal Projectile        Hex/Tloc       24%        N/A       4%          3
 Swiftness                Air            12%        N/A       4%          3
 Leda's Liquefaction      Hex/Erth       16%        N/A       4%          4
 Borgnjor's Vile Clutch   Necr/Erth      16%        N/A       11%         5
 Cause Fear               Hex            6%         N/A       14%         4
 Dispel Undead            Necr           12%        3d9       14%         4
 Alistair's Intoxication  Tmut/Pois      8%         N/A       36%         5
 Death Channel            Necr           6%         N/A       89%         6
 Eringya's Noxious Bog    Tmut/Pois      6%         N/A       89%         6
 Discord                  Hex            6%         N/A       100%        8


Dungeon Overview and Level Annotations

Branches:
Dungeon (10/15)            Temple (1/1) D:4            Lair (1/6) D:10
    Orc: D:9-12

Altars:
Ashenzari
Cheibriados
Dithmenos
Elyvilon
Fedhas
Gozag
Hepliaklqana
Kikubaaqudgha
Makhleb
Nemelex Xobeh
Okawaru
Qazlal
Ru
Sif Muna
Trog
Uskayaw
Vehumet
Wu Jian
Xom
Yredelemnul
Zin
The Shining One
Beogh

Shops:
D:1 =   D:6 :

Portals:
Abyss: D:8

Annotations:
D:7 3 runed translucent doors, croobank's ghost, novice OpMo
D:8 2 transporters, browni3141's ghost, novice OpTm


Innate Abilities, Weirdness & Mutations

You cannot wear most types of armour.
You are amphibious.
You can wear up to eight rings at the same time.
Your skin changes colour to match your surroundings (Stealth+).
Your rubbery body absorbs attacks. (AC +1, EV +1)
((You are camouflaged near water. (Stealth+)))
You have tentacles for arms and can constrict up to eight enemies at once.


Message History

The demonic crawler is lightly wounded.
The demonic crawler hits you. x2; The demonic crawler hits you!
Aiming: Corrosive Bolt
Press: ? - help, Shift-Dir - straight line, f/p - demonic crawler
Aim: a demonic crawler (lightly wounded, covered in acid, 86% to hit)
The bolt of acid hits the demonic crawler!
The demonic crawler seems to be corroded for longer.
The demonic crawler is lightly wounded.
The demonic crawler closely misses you.
You block the demonic crawler's attack. x2
The demonic crawler misses you. The demonic crawler hits you.
You block the demonic crawler's attack. The demonic crawler barely misses you.
The demonic crawler completely misses you.
The demonic crawler closely misses you.
Aiming: Corrosive Bolt
Press: ? - help, Shift-Dir - straight line, f/p - demonic crawler
Aim: a demonic crawler (lightly wounded, covered in acid, 86% to hit)
The bolt of acid hits the demonic crawler!
The demonic crawler is moderately wounded.
The demonic crawler hits you! The demonic crawler barely misses you.
The demonic crawler hits you! The demonic crawler hits you!
The demonic crawler completely misses you.
You block the demonic crawler's attack.
Okay, then.
The demonic crawler hits you.
The demonic crawler completely misses you. x2
The demonic crawler hits you!
* * * LOW HITPOINT WARNING * * *
The demonic crawler completely misses you.
The demonic crawler misses you.
As you read the scroll of fear, it crumbles to dust.
You assume a fearsome visage.
The demonic crawler resists with almost no effort.
The demonic crawler hits you!
* * * LOW HITPOINT WARNING * * *
The demonic crawler hits you.
* * * LOW HITPOINT WARNING * * *
The demonic crawler hits you!
You die...

############ ######## #####
#####P.##P##P#.####.#.##.###.#P##
.................................
.................................
#######..........................
#....................(######
#.........s..........#.....#
##...).#.P#@.........#.....#
#....######P........+.....#
#....# ##........P#.#..P #....##
#................ #.....#
##...P###.##..... #..<.## #...##
###...... ####....# ##...##
##..##P ####.#.....# ##.....#
#..#.. ...........#####.#....#
#..#..


You could see a demonic crawler (corroded).

Vanquished Creatures
  Erolcha (D:10)
  3 two-headed ogres
  3 cane toads (Lair:1)
  A komodo dragon (Lair:1)
  Prince Ribbit (D:6)
  Eustachio (D:4)
  9 yaks (D:10)
  A wraith (D:9)
  3 wyverns
  2 vampire mosquitoes (D:9)
  Menkaure (D:4)
  2 steam dragons
  3 swamp worms (Lair:1)
  2 acid dragons
  6 water moccasins
  3 orc warriors
  2 black bears
  3 necrophages
  5 centaurs
  A phantom (D:5)
  6 bullfrogs
  Blork the orc (D:6)
  2 kobold brigands
  A gnoll sergeant (D:7)
  3 scorpions
  7 killer bees
  3 wights (D:9)
  2 howler monkeys (D:6)
  2 centaur zombies (D:6)
  2 gnoll shamans
  8 hounds
  A jelly (D:8)
  7 orc priests
  4 iguanas
  10 orc wizards
  A hound zombie (D:5)
  A howler monkey zombie (D:10)
  10 gnolls
  15 adders
  2 white imps (D:6)
  An ufetubus (D:4)
  2 worms
  2 dart slugs
  22 orcs
  5 bats
  9 endoplasms
  3 giant cockroaches
  4 goblins
  10 hobgoblins
  13 jackals
  5 quokkas
  8 ball pythons
  2 frilled lizards
  18 kobolds
  7 rats
252 creatures vanquished.

Vanquished Creatures (others)
  A jelly (D:7)
  An orc (D:7)
  A demonic plant (D:1)
  189 foxfires
  4 plants (Lair:1)
196 creatures vanquished.

Grand Total: 448 creatures vanquished

Notes
Turn   | Place    | Note
-------+----------+-------------------------------------------
     0 | D:1      | voltaire321 the Octopode Fire Elementalist began the quest
                  | for the Orb.
     0 | D:1      | Reached XP level 1. HP: 11/11 MP: 3/3
    98 | D:1      | Reached XP level 2. HP: 18/18 MP: 1/5
   167 | D:1      | Found a faded altar of an unknown god.
   446 | D:1      | Learned a level 2 spell: Scorch
   511 | D:1      | Found Ugumeu's Jewellery Shoppe.
   615 | D:1      | Reached XP level 3. HP: 11/22 MP: 1/6
   806 | D:1      | Learned a level 3 spell: Conjure Flame
   843 | D:2      | Reached skill level 1 in Fighting
  1363 | D:2      | Reached XP level 4. HP: 22/28 MP: 3/7
  2011 | D:3      | Reached XP level 5. HP: 18/34 MP: 7/9
  2692 | D:3      | Found a shimmering altar of Xom.
  3167 | D:4      | Found a stormy altar of Qazlal.
  3196 | D:4      | Reached XP level 6. HP: 39/39 MP: 5/10
  3318 | D:4      | Noticed Eustachio
  3365 | D:5      | Entered Level 5 of the Dungeon
  3562 | D:4      | Killed Eustachio
  3563 | D:4      | Reached skill level 4 in Fire Magic
  3747 | D:4      | Learned a level 4 spell: Flame Wave
  3802 | D:4      | Found a staircase to the Ecumenical Temple.
  3840 | Temple   | Entered the Ecumenical Temple
  4131 | D:4      | Noticed Menkaure
  4136 | D:4      | Killed Menkaure
  4137 | D:4      | Reached XP level 7. HP: 40/46 MP: 7/12
  4789 | D:5      | Learned a level 2 spell: Passwall
  4862 | D:5      | Reached skill level 1 in Earth Magic
  4862 | D:5      | Reached XP level 8. HP: 52/52 MP: 1/14
  5110 | D:5      | Reached skill level 5 in Fire Magic
  5314 | D:5      | Found a snail-covered altar of Cheibriados.
  5498 | D:5      | Reached skill level 1 in Shields
  6072 | D:1      | Bought a ring of wizardry for 300 gold pieces
  6503 | D:6      | Found Lan Bomunk's Book Boutique.
  6613 | D:6      | Noticed Blork the orc
  6627 | D:6      | Killed Blork the orc
  6931 | D:6      | Reached skill level 5 in Dodging
  6931 | D:6      | Reached XP level 9. HP: 57/59 MP: 3/16
  7379 | D:6      | Noticed Prince Ribbit
  7394 | D:6      | Killed Prince Ribbit
  7639 | D:6      | Reached skill level 5 in Spellcasting
  7639 | D:6      | Reached skill level 5 in Conjurations
  8218 | D:7      | Reached skill level 6 in Fire Magic
  8324 | D:7      | Reached skill level 5 in Fighting
  9357 | D:7      | Reached XP level 10. HP: 66/66 MP: 11/18
  9459 | D:7      | Found a runed translucent gate.
  9459 | D:7      | Found a runed translucent gate.
  9459 | D:7      | Found a runed translucent gate.
  9462 | D:7      | Noticed croobank's ghost (novice OpMo)
 10083 | D:8      | Found a one-way gate to the infinite horrors of the Abyss.
 10083 | D:8      | Noticed browni3141's ghost (novice OpTm)
 10206 | D:8      | Found an ornate altar of the Wu Jian Council.
 10312 | D:8      | Noticed a two-headed ogre
 10323 | D:8      | Killed a two-headed ogre
 10763 | D:8      | Found a transporter.
 10763 | D:8      | Found a transporter.
 10796 | D:8      | Found an opulent altar of Gozag.
 11782 | D:9      | Reached skill level 5 in Earth Magic
 11857 | D:9      | Found a radiant altar of Vehumet.
 12190 | D:10     | Entered Level 10 of the Dungeon
 12202 | D:10     | Noticed a boulder beetle
 12260 | D:10     | Noticed a two-headed ogre
 12268 | D:10     | Killed a two-headed ogre
 12269 | D:10     | Reached skill level 7 in Fire Magic
 12351 | D:10     | Reached XP level 11. HP: 74/74 MP: 12/20
 12475 | D:9      | Became a worshipper of Vehumet
 12604 | D:10     | Noticed a two-headed ogre
 12616 | D:10     | Killed a two-headed ogre
 12913 | D:10     | Found a staircase to the Lair.
 13187 | D:10     | Noticed Erolcha
 13199 | D:10     | Killed Erolcha
 13664 | Lair:1   | Entered Level 1 of the Lair of Beasts
 14757 | D:1      | Bought a ring of poison resistance for 200 gold pieces
 15095 | Lair:1   | Reached skill level 8 in Fire Magic
 15995 | Lair:1   | Mangled by a demonic crawler

Illustrated notes

Levels and vault maps discovered:
D:1:      pf_arrival_petrified_forest, layout_rooms, serial_shops, shop,
          shapermc_ecumenical_altar_gd, chequers_serial_rivers_micro_d
D:2:      layout_rooms
D:3:      layout_loops_ring, lemuel_tele_altar
D:4:      layout_cave_pods, amcnicky_altar_gilded, minmay_temple_entry_slanted,
          minmay_fountain_box, uniq_eustachio, uniq_menkaure
D:5:      layout_cave_pools, cheibrodos_worm_habitat, nicolae_figureground_pulse
D:6:      layout_loops_ring, serial_shops, nicolae_stop_n_shop_2,
          uniq_blork_the_orc, uniq_prince_ribbit1
D:7:      layout_basic, biasface_ghost_orc_armoury
D:8:      layout_loops_cross, mainiacjoe_overflow_small_starburst,
          general_overflow_altar, gammafunk_ghost_abyssal_escape,
          amcnicky_mini_rare_corridor_liquid
D:9:      layout_rooms, nicolae_overflow_hidden_temple
D:10:     layout_long_grid, lair_entry_dummy, uniq_erolcha
Temple:   nicolae_temple_elliptical
Lair:1:   layout_chaotic_city, worms_lemuel, grunt_megastairs_1

Skill      XL: |  1  2  3  4  5  6  7  8  9 10 11 |
---------------+----------------------------------+-----
Fighting       | 1 2 3 4 5 6 7 |  7.4
Conjurations   | 2 3 4 5 6 7 |  7.4
Dodging        | 3 4 5 6 7 |  7.7
Spellcasting   | 3 4 5 6 7 |  7.2
Fire Magic     | 4 5 6 7 8 |  8.0
Earth Magic    | 1 2 4 5 6 |  6.3
Shields        | 2 3 4 |  4.0
Stealth        | |  2.6

Action                   |  1- 3 |  4- 6 |  7- 9 | 10-12 || total
-------------------------+-------+-------+-------+-------++-------
Melee: Unarmed           |     2 |       |       |       ||     2
       Constrict         |     8 |     8 |    13 |     8 ||    37
       Dagger            |    18 |    25 |       |       ||    43
       Tentacles         |     5 |     9 |    20 |     8 ||    42
       Rapier            |       |    31 |    83 |    45 ||   159
 Cast: Foxfire           |    51 |    29 |    13 |    15 ||   108
       Scorch            |       |    26 |   128 |   164 ||   318
       Flame Wave        |       |       |       |     7 ||     7
Evoke: Wand              |       |       |     5 |     9 ||    14
  Use: Potion            |       |     5 |     1 |       ||     6
       Scroll            |       |     3 |     6 |     9 ||    18
 Stab: Sleeping          |       |     6 |     6 |     4 ||    16
Armor: Skin              |     4 |     3 |     6 |     4 ||    17
Dodge: Dodged            |    31 |    62 |    92 |   196 ||   381
Block: Buckler           |       |       |    31 |    67 ||    98

Table legend: (Time is in decaauts)
 A = Elapsed time spent in this place.
 B = Non-inter-level travel time spent in this place.
 C = Inter-level travel time spent in this place.
 D = Time resting spent in this place.
 E = Time spent auto-exploring this place.
 F = Levels seen in this place.
 G = Mean time per level.
                   A        B        C        D        E       F      G
               +--------+--------+--------+--------+--------+-----+--------+
         Total |  16050 |  15040 |   1010 |   6904 |   4778 |  12 | 1337.5 |
       Dungeon |  14278 |  13285 |    993 |   5964 |   4463 |  10 | 1427.8 |
        Temple |    167 |    151 |     16 |      0 |    124 |   1 |  167.0 |
          Lair |   1605 |   1604 |      1 |    940 |    191 |   1 | 1605.0 |
               +--------+--------+--------+--------+--------+-----+--------+

Top non-repeatable levels by time:
     D:6: 2046 daAuts
    D:10: 1795 daAuts
     D:7: 1750 daAuts
  Lair:1: 1605 daAuts
     D:5: 1583 daAuts
     D:8: 1482 daAuts
     D:4: 1418 daAuts
     D:3: 1261 daAuts
     D:2: 1081 daAuts
     D:1: 935 daAuts
     D:9: 923 daAuts
  Temple: 167 daAuts
